 Dungeon Crawl Stone Soup version 0.20-a0-850-ge5a7832 (webtiles) character file.

494804 Firecrotchwizard the Axe Maniac (level 23, -6/223 HPs)
             Began as a Minotaur Fighter on Mar 10, 2017.
             Was the Champion of Okawaru.
             Mangled by a rakshasa
             ... wielding a +0 whip
              (8 damage)
             ... on level 2 of the Depths on Mar 11, 2017.
             The game lasted 03:24:43 (46643 turns).

Firecrotchwizard the Axe Maniac (Minotaur Fighter) Turns: 46643, Time: 03:24:43

Health: -6/223     AC: 47    Str: 28      XL:     23   Next: 65%
Magic:  30/30      EV: 17    Int: 10 (11) God:    Okawaru [******]
Gold:   1881       SH:  2    Dex: 16      Spells: 22/22 levels left

rFire    + . .     SeeInvis +   N - +4 battleaxe (vamp)
rCold    . . .     Gourm    .   H - +8 orange crystal plate armour {Archmagi, Int+3 Clar}
rNeg     . . .     Faith    .   (shield currently unavailable)
rPois    .         Spirit   .   S - +2 hat {Int+3}
rElec    .         Reflect  +   U - +2 cloak of the Thief {+Fog Slay-2 SInv Stlth+}
rCorr    .         Harm     .   c - +1 pair of gloves {Str+3}
MR       ++...     Clarity  +   P - +1 pair of boots {run}
Stlth    ..........             z - +2 amulet of reflection
Regen    0.5/turn               p - ring of protection from magic
MPRegen  0.3/turn               e - ring of protection from fire

@: quick
A: retaliatory headbutt, horns 2, subdued magic 2, MP-powered wands
}: 3/15 runes: serpentine, barnacled, silver
a: Heroism, Finesse, Renounce Religion, Evoke Fog


You were on level 2 of the Depths.
You worshipped Okawaru.
Okawaru was exalted by your worship.
You were not hungry.

You visited 8 branches of the dungeon, and saw 39 of its levels.
You visited 2 bazaars.
You also visited: Wizlab.

You collected 6802 gold pieces.
You spent 4921 gold pieces at shops.

Inventory:

Hand Weapons
 L - a +1 executioner's axe of electrocution
 N - a +4 vampiric battleaxe (weapon)
 O - a +1 executioner's axe of flaming
 T - the +3 war axe of Twilight {speed, rC+}
   (Okawaru gifted it to you on level 6 of the Lair of Beasts)

   Attacks with this weapon are significantly faster.
   It protects you from cold.
 W - a +0 battleaxe of flaming
Missiles
 F - 5 poisoned javelins (quivered)
Armour
 c - a +1 pair of gloves of strength (worn)
 i - the +0 fire dragon scales "Foraca Vae" {+Inv rF++ rC- MR++ Str+4 Int-4}
   (Okawaru gifted it to you on level 5 of the Vaults)

   It affects your strength (+4).
   It affects your intelligence (-4).
   It greatly protects you from fire.
   It makes you vulnerable to cold.
   It affects your resistance to hostile enchantments.
   It lets you turn invisible.
 B - a +1 plate armour of poison resistance
 H - the +8 orange crystal plate armour (worn) {Archmagi, Int+3 Clar}
   (You bought it in a shop on level 2 of the Orcish Mines)

   It affects your intelligence (+3).
   It protects you against confusion.
 P - a +1 pair of boots of running (worn)
 S - a +2 hat of intelligence (worn)
 U - the +2 cloak of the Thief (worn) {+Fog Slay-2 SInv Stlth+}
   (You found it on level 3 of the Shoals)

   It affects your accuracy and damage with ranged weapons and melee attacks
   (-2).
   It lets you see invisible.
   It makes you more stealthy.
 Y - the +2 cloak "Fulischi" {Str+4 SInv}
   (Okawaru gifted it to you on level 4 of the Vaults)

   It affects your strength (+4).
   It lets you see invisible.
Jewellery
 e - a ring of protection from fire (left hand)
 g - a +4 ring of slaying
 p - a ring of protection from magic (right hand)
 r - the ring "Goomanuz" {Wiz Str+3}
   (You took it off a vault warden on level 5 of the Vaults)

   [ring of wizardry]

   It improves your spell success rate.
   It affects your strength (+3).
 t - the ring of Monotheism {rElec rN+}
   (You acquired it on level 4 of the Vaults)

   [ring of positive energy]

   It insulates you from electricity.
   It protects you from negative energy.
 w - an uncursed ring of protection from fire
 y - an uncursed ring of resist corrosion
 z - a +2 amulet of reflection (around neck)
 I - an uncursed ring of see invisible
 K - the ring "Hiballanesk" {Wiz +Blink rF- MP+9 Stlth+}
   (You took it off a tengu reaver on level 5 of the Vaults)

   [ring of wizardry]

   It improves your spell success rate.
   It makes you vulnerable to fire.
   It affects your magic capacity (+9).
   It lets you blink.
   It makes you more stealthy.
Scrolls
 h - 13 scrolls of identify
 j - 8 scrolls of magic mapping
 o - 14 scrolls of teleportation
 q - 19 scrolls of remove curse
 s - 3 scrolls of fog
 v - 7 scrolls of amnesia
 D - a scroll of blinking
 M - a scroll of summoning
 Q - 5 scrolls of recharging
 V - a scroll of fear
 X - 2 scrolls of holy word
Potions
 b - 7 potions of curing
 d - 4 potions of might
 m - 2 potions of brilliance
 u - 11 potions of ambrosia
 x - a potion of invisibility
 A - 4 potions of flight
 C - a potion of berserk rage
 E - 5 potions of agility
 G - 3 potions of cancellation
 J - 8 potions of haste
 Z - 2 potions of magic
Books
 k - a book of Spatial Translocations

   Spells                             Type                      Level
   a - Blink                          Translocation                2
   b - Shroud of Golubria             Charms/Translocation         2
   c - Lesser Beckoning               Translocation                3
   d - Gell's Gravitas                Translocation                3
   e - Teleport Other                 Translocation                3
   f - Passage of Golubria            Translocation                4
 l - the Collected Works on the Freezing Traveller
   (You found it on level 5 of the Vaults)

   Spells                             Type                      Level
   a - Freeze                         Ice                          1
   b - Force Lance                    Conjuration/Translocation    4
Comestibles
 f - 18 bread rations
 n - 26 meat rations
 R - a fruit


   Skills:
 + Level 22.3 Fighting
 O Level 27 Axes
 - Level 4.0 Throwing
 + Level 21.9 Armour
 + Level 17.7 Dodging
   Level 3.6 Shields
 - Level 8.0 Invocations
 - Level 11.1 Evocations


You had 22 spell levels left.
You didn't know any spells.

Dungeon Overview and Level Annotations

Branches:
Dungeon (15/15)            Temple (1/1) D:6            Lair (6/6) D:8
 Shoals (4/4) Lair:4        Snake (4/4) Lair:2        Slime (0/5) Lair:5
    Orc (2/2) D:9             Elf (0/3) Orc:2        Vaults (5/5) D:13
  Crypt (0/3) Vaults:3     Depths (2/5) D:15

Altars:
Ashenzari
Cheibriados
Dithmenos
Elyvilon
Fedhas
Gozag
Hepliaklqana
Kikubaaqudgha
Makhleb
Nemelex Xobeh
Okawaru
Qazlal
Ru
Sif Muna
Trog
Uskayaw
Vehumet
Wu Jian
Xom
Yredelemnul
Zin
The Shining One
Beogh
Jiyva

Shops:
D:7 *   Orc:2 =[[:   Shoals:1 *   Shoals:4 =   Snake:3 :   Vaults:2 %*!:
Vaults:4 ?

Portals:
Hell: Depths:1 Depths:2
Abyss: Depths:1 Depths:2

Annotations:
D:10 exclusion: orange crystal statue
D:13 exclusion: oklob plant
Lair:5 1 runed door


Innate Abilities, Weirdness & Mutations

You reflexively headbutt those who attack you in melee.
You have a pair of horns on your head.
Your spells are easier to cast, but less powerful.
You expend magic power (3 MP) to strengthen your wands.


Message History

The rakshasa hits you but does no damage.
The stone giant moves out of view.
You slash the rakshasa! Your headbutt misses the rakshasa.
The rakshasa is lightly wounded.
The rakshasa hits you with a whip.
* * * LOW HITPOINT WARNING * * *
The stone giant throws a large rock.
The large rock closely misses you.
The large rock shimmers and vanishes!
You miss the rakshasa.
The rakshasa is lightly wounded.
Your orange crystal plate armour prevents you from hitting the rakshasa.
The rakshasa is lightly wounded.
The rakshasa gestures at you. The orb of energy hits you!
* * * LOW HITPOINT WARNING * * *
The orb of energy explodes!
You hit the rakshasa.
The rakshasa is lightly wounded.
The rakshasa hits you with a whip!
You die...

...#.#.#.#.#∩....#..#..)# #.
###...###...###.>.##.#### #..
.....#...#)....#....#...# ....
....#.....#.)...#.#.#...# #.#..
....#.....#.[...#)...#..# #.....
....#.....#.....#⌠.>..### #......
...#.#...#.......#.....###.......
###...###.#[###R.....>.)#......#
...#.#.....#...#@#⌠)..).()....##
....#.<.<.#.C)..#.#############
....#..^..#.)...###
....#.>.<§#.....#
...#.....#.#...#.#
###.#.###[[.###....
....#...#.#§....#..
....#.....#.....#..## ....#.....
.....#..#


You could see a stone giant and a rakshasa.

Vanquished Creatures
  A juggernaut (Depths:2)
  Xtahua (Vaults:3)
  A golden dragon (Depths:2)
  3 caustic shrikes (Depths:2)
  A tentacled monstrosity (Vaults:5)
  3 titans (Vaults:5)
  A quicksilver dragon (Vaults:5)
  Asterion (Lair:2)
  Polyphemus (Shoals:2)
  7 sphinxes
  Kirke (Snake:1)
  6 shadow dragons (Vaults:5)
  Donald (Shoals:2)
  A draconian monk (Depths:2)
  Ilsuiw (Shoals:4)
  16 tengu reavers
  10 nagarajas
  A storm dragon (Vaults:5)
  22 vault wardens
  6 fire giants
  8 frost giants
  An iron dragon (Depths:2)
  2 deep elf sorcerers (Vaults:5)
  An orc warlord (Orc:2)
  Aizul (Snake:3)
  14 ironheart preservers
  5 entropy weavers
  A caustic shrike skeleton (Depths:2)
  8 very ugly things
  9 stone giants
  2 deep elf demonologists
  2 small abominations
  3 vampire knights
  2 deep elf annihilators
  2 dire elephants
  8 spark wasps
  3 merfolk javelineers (Shoals:4)
  5 deep elf death magi
  11 merfolk impalers
  A crystal guardian (Vaults:3)
  13 yaktaur captains
  11 ettins
  4 deep elf high priests
  A jiangshi (Depths:2)
  Josephine (Shoals:1)
  5 fire dragons
  6 great orbs of eyes
  4 rakshasas
  Harold (Lair:4)
  15 ogre magi
  10 ice dragons
  33 vault guards
  6 hydras
  2 catoblepae
  3 spriggan air magi
  5 merfolk avatars
  20 naga warriors
  An alligator snapping turtle (Shoals:2)
  A satyr (Shoals:2)
  8 anacondas
  14 centaur warriors
  7 merfolk aquamancers
  A dancing weapon (Vaults:3)
  A death knight (Vaults:1)
  18 two-headed ogres
  10 death yaks
  2 spriggan berserkers
  6 deep troll shamans
  5 orc high priests (Orc:2)
  A vampire mage (Depths:2)
  5 deep troll earth magi
  A titan zombie (Orc:1)
  2 tengu warriors (Depths:1)
  27 naga sharpshooters
  Urug (D:11)
  8 shock serpents
  7 hell knights
  9 deep elf knights
  A fire crab (shapeshifter) (Depths:2)
  3 salamander mystics
  10 large abominations
  3 shadow wraiths
  13 wizards
  An unseen horror (shapeshifter) (Depths:1)
  14 sea snakes
  A deep troll (shapeshifter) (Vaults:4)
  A flayed ghost (Depths:2)
  6 glowing orange brains
  14 deep trolls
  3 unseen horrors
  6 phantasmal warriors (Vaults:5)
  7 naga ritualists
  17 orc knights
  A wolf spider zombie (D:14)
  7 deep elf archers
  A lindwurm (Lair:6)
  8 necromancers
  8 mana vipers
  A harpy (shapeshifter) (Depths:1)
  21 ironbrand convokers
  A mana viper (shapeshifter) (Depths:2)
  37 harpies
  3 wolf spiders
  11 fauns
  2 orc sorcerers
  23 cyclopes
  6 salamanders
  30 ugly things
  A stone giant zombie (Orc:1)
  19 deep elf magi
  A sphinx skeleton (Vaults:1)
  15 manticores
  27 elephants
  17 vault sentinels
  16 merfolk sirens
  23 black mambas
  5 water nymphs
  4 guardian serpents
  30 naga magi
  A rust devil (Depths:1)
  A gargoyle (D:14)
  A spiny frog (shapeshifter) (Vaults:4)
  A rime drake (Lair:2)
  2 torpor snails
  7 spiny frogs
  44 yaktaurs
  A komodo dragon (shapeshifter) (Vaults:2)
  8 komodo dragons
  4 freezing wraiths
  2 human skeletons (Vaults:1)
  3 efreet
  A yaktaur skeleton (Vaults:1)
  23 merfolk
  A queen bee (shapeshifter) (Vaults:4)
  5 trolls
  4 wind drakes
  Grinder (D:5)
  A meliai (shapeshifter) (Vaults:1)
  5 hornets
  A jumping spider (shapeshifter) (Vaults:1)
  2 trolls (shapeshifter)
  A harpy skeleton (Vaults:1)
  4 polar bears
  23 slime creatures
  12 snapping turtles
  11 dream sheep
  9 blink frogs
  A dream sheep (shapeshifter) (Vaults:4)
  5 hippogriffs
  A hippogriff (shapeshifter) (Depths:2)
  A redback (Vaults:5)
  A spriggan (Lair:2)
  24 water elementals
  2 shadows (D:12)
  2 vampires (WizLab)
  2 wyverns
  5 humans (D:6)
  5 wraiths
  43 yaks
  2 yaks (shapeshifter)
  4 basilisks
  A fire elemental (Orc:1)
  Grum (D:9)
  5 hogs (Snake:1)
  4 vampire mosquitoes (D:15)
  14 wargs
  Edmund (D:5)
  73 nagas
  An acid dragon (shapeshifter) (Depths:2)
  2 porcupines (Lair:3)
  Duvessa (D:6)
  10 water moccasins
  An ogre skeleton (Vaults:1)
  5 acid dragons
  50 orc warriors
  3 ice beasts
  An eye of draining (D:15)
  A hornet zombie (D:15)
  4 black bears
  A swamp drake (shapeshifter) (Depths:1)
  An orc skeleton (Vaults:1)
  2 sky beasts
  33 ogres
  12 boggarts (Vaults:2)
  18 wolves
  9 centaurs
  10 crocodiles
  Blork the orc (D:5)
  4 human zombies (Vaults:1)
  2 big kobolds
  17 bullfrogs
  Dowan (D:6)
  2 ogre simulacra (Vaults:1)
  2 cyclops zombies (Orc:1)
  2 scorpions
  A water moccasin skeleton (D:8)
  22 killer bees
  4 troll zombies (WizLab)
  4 electric eels (D:13)
  10 wights
  5 howler monkeys
  5 crimson imps
  3 centaur zombies
  A quasit (D:11)
  3 hounds
  32 orc priests
  7 jellies
  31 orc wizards
  2 bullfrog skeletons
  4 centaur skeletons
  4 iguanas
  8 worker ants
  5 ogre zombies (WizLab)
  2 hound zombies (D:5)
  3 worker ant zombies
  11 gnolls
  7 adders
  3 shadow imps
  A white imp (Vaults:2)
  5 oozes (D:11)
  3 adder zombies
  2 worms (D:4)
  A worm (shapeshifter) (Depths:2)
  5 dart slugs
  6 leopard geckos
  96 orcs
  7 giant cockroaches
  6 hobgoblins
  10 jackals
  9 quokkas
  3 bats
  6 frilled lizards
  9 goblins
  A jackal skeleton (D:4)
  14 kobolds
  A quokka skeleton (D:6)
  4 rats
  3 crawling corpses (Vaults:5)
  7 fungi
  16 plants
1831 creatures vanquished.

Vanquished Creatures (others)
  A centaur warrior (Depths:2)
  An unseen horror (D:15)
  2 deep elf archers (Vaults:4)
  A necromancer (Depths:1)
  A naga mage (Snake:4)
  A yaktaur (Vaults:5)
  A boggart (Depths:2)
  73 fungi
  40 plants
121 creatures vanquished.

Grand Total: 1952 creatures vanquished

Notes
Turn   | Place    | Note
-------+----------+-------------------------------------------
     0 | D:1      | Firecrotchwizard the Minotaur Fighter began the quest for the Orb.
     0 | D:1      | Reached XP level 1. HP: 19/19 MP: 0/0
   426 | D:1      | Reached XP level 2. HP: 27/27 MP: 1/1
   431 | D:1      | Reached skill level 3 in Axes
   944 | D:2      | Reached XP level 3. HP: 31/33 MP: 2/2
  1233 | D:3      | Found a basalt altar of Yredelemnul.
  1334 | D:3      | Reached skill level 4 in Axes
  1355 | D:3      | Reached XP level 4. HP: 39/41 MP: 3/3
  1516 | D:3      | Found a hide-covered altar of Uskayaw.
  1519 | D:3      | Noticed a dagger
  1519 | D:3      | Noticed a dagger
  1534 | D:3      | Reached skill level 5 in Fighting
  1673 | D:3      | Found a stormy altar of Qazlal.
  1795 | D:4      | Noticed a centaur
  1801 | D:4      | Killed a centaur
  1801 | D:4      | Reached skill level 5 in Axes
  1801 | D:4      | Reached XP level 5. HP: 20/48 MP: 4/4
  1819 | D:4      | Reached skill level 6 in Axes
  1836 | D:4      | Reached XP level 6. HP: 27/56 MP: 5/5
  1895 | D:4      | Found a shadowy altar of Dithmenos.
  1921 | D:4      | Found a radiant altar of Vehumet.
  1999 | D:4      | Found a snail-covered altar of Cheibriados.
  2147 | D:4      | Reached skill level 7 in Axes
  2207 | D:4      | Reached XP level 7. HP: 46/63 MP: 6/6
  2600 | D:5      | Entered Level 5 of the Dungeon
  2600 | D:5      | Noticed Grinder
  2611 | D:5      | Paralysed by Grinder for 4 turns
  2617 | D:5      | Paralysed by Grinder for 7 turns
  2624 | D:5      | Killed Grinder
  2624 | D:5      | Reached skill level 8 in Axes
  2624 | D:5      | Reached skill level 5 in Armour
  2676 | D:5      | Noticed Blork the orc
  2683 | D:5      | Killed Blork the orc
  2692 | D:5      | Found an opulent altar of Gozag.
  2925 | D:5      | Reached XP level 8. HP: 73/73 MP: 7/7
  2939 | D:5      | Noticed Edmund
  2947 | D:5      | Killed Edmund
  2947 | D:5      | Reached skill level 9 in Axes
  3503 | D:6      | Found a staircase to the Ecumenical Temple.
  3518 | Temple   | Entered the Ecumenical Temple
  3610 | Temple   | Became a worshipper of Warmaster Okawaru
  3745 | D:6      | Noticed Duvessa
  3763 | D:6      | Killed Duvessa
  3763 | D:6      | Reached skill level 10 in Axes
  3779 | D:6      | Noticed Dowan
  3791 | D:6      | Killed Dowan
  3799 | D:6      | Reached * piety under Okawaru
  3865 | D:6      | Reached XP level 9. HP: 76/82 MP: 8/8
  3900 | D:6      | Reached skill level 11 in Axes
  3925 | D:6      | Reached ** piety under Okawaru
  4027 | D:6      | Found a blossoming altar of Fedhas.
  4314 | D:7      | Found a bloodstained altar of Trog.
  4584 | D:7      | Reached skill level 12 in Axes
  4677 | D:7      | Found a shimmering altar of Xom.
  4677 | D:7      | Found a shimmering altar of Xom.
  4677 | D:7      | Noticed a black mamba
  4691 | D:7      | Found a shimmering altar of Xom.
  4693 | D:7      | Found a shimmering altar of Xom.
  4693 | D:7      | Found a shimmering altar of Xom.
  4693 | D:7      | Found a shimmering altar of Xom.
  4693 | D:7      | Found a shimmering altar of Xom.
  4693 | D:7      | Found a shimmering altar of Xom.
  4708 | D:7      | Found a sacrificial altar of Ru.
  4757 | D:7      | Found Fiux's Assorted Antiques.
  4841 | D:7      | Noticed a wind drake
  4902 | D:8      | Reached *** piety under Okawaru
  4953 | D:8      | Found a sparkling altar of Nemelex Xobeh.
  4996 | D:8      | Noticed a two-headed ogre
  5004 | D:8      | Killed a two-headed ogre
  5004 | D:8      | Reached XP level 10. HP: 62/92 MP: 9/9
  5537 | D:8      | Found a staircase to the Lair.
  5545 | D:8      | Reached skill level 10 in Fighting
  5557 | D:8      | Reached skill level 13 in Axes
  5937 | Lair:1   | Entered Level 1 of the Lair of Beasts
  6002 | Lair:1   | Reached **** piety under Okawaru
  6060 | Lair:1   | Noticed a spiny frog
  6065 | Lair:1   | Killed a spiny frog
  6065 | Lair:1   | Reached skill level 1 in Throwing
  6188 | Lair:1   | Received a gift from Okawaru
  7202 | Lair:2   | Noticed an elephant
  7202 | Lair:2   | Noticed an elephant
  7206 | Lair:2   | Noticed an elephant
  7211 | Lair:2   | Killed an elephant
  7211 | Lair:2   | Reached skill level 10 in Armour
  7217 | Lair:2   | Killed an elephant
  7217 | Lair:2   | Reached XP level 11. HP: 95/101 MP: 7/10
  7266 | Lair:2   | Reached ***** piety under Okawaru
  7266 | Lair:2   | Reached skill level 14 in Axes
  7345 | Lair:2   | Received a gift from Okawaru
  7361 | Lair:2   | Noticed a dire elephant
  7398 | Lair:2   | Killed a dire elephant
  7632 | Lair:2   | Found a staircase to the Snake Pit.
  7699 | Lair:2   | Noticed a naga ritualist
  7715 | Lair:2   | Killed a naga ritualist
  7715 | Lair:2   | Reached skill level 1 in Invocations
  7775 | Lair:2   | Reached skill level 15 in Axes
  7918 | Lair:2   | Reached ****** piety under Okawaru
  8099 | Lair:2   | Reached XP level 12. HP: 98/112 MP: 11/13
  8204 | Lair:2   | Received a gift from Okawaru
  8430 | Lair:3   | Found a labyrinth entrance.
  8474 | Lair:3   | Reached skill level 16 in Axes
  8997 | Lair:4   | Found a staircase to the Shoals.
  9298 | Lair:4   | Got an ichor-stained scale mail
  9299 | Lair:4   | Identified the cursed +0 scale mail of Satisfaction {+Inv} (You found it on level 4 of the Lair of Beasts)
  9325 | Lair:4   | Received a gift from Okawaru
  9352 | Lair:4   | Noticed Harold
  9364 | Lair:4   | Reached skill level 5 in Invocations
  9381 | Lair:4   | Killed Harold
  9693 | Lair:5   | Noticed a four-headed hydra
  9698 | Lair:5   | Killed a six-headed hydra
  9828 | Lair:5   | Received a gift from Okawaru
  9828 | Lair:5   | Reached XP level 13. HP: 116/119 MP: 16/16
  9833 | Lair:5   | Reached skill level 17 in Axes
  9915 | Lair:5   | Found a runed door.
  9917 | Lair:5   | Found a viscous altar of Jiyva.
  9918 | Lair:5   | Found a staircase to the Slime Pits.
  9918 | Lair:5   | Noticed an acid blob
  9918 | Lair:5   | Noticed an acid blob
  9918 | Lair:5   | Noticed an acid blob
 10331 | Lair:6   | Entered Level 6 of the Lair of Beasts
 10543 | Lair:6   | Identified a scroll of acquirement
 10820 | Lair:6   | Received a gift from Okawaru
 11056 | Lair:6   | Got a twisted battleaxe {god gift}
 11057 | Lair:6   | Identified the +4 battleaxe of Resourcefulness {protect, rF++ rC- Int+3} (Okawaru gifted it to you on level 6 of the Lair of Beasts)
 11120 | Lair:6   | Identified the cursed +1 demon blade of Tender Mercy {flame, rPois MP+9 Str-4 Dex+3} (You found it on level 6 of the Lair of Beasts)
 11145 | Lair:6   | Received a gift from Okawaru
 11146 | Lair:6   | Got a fine war axe {god gift}
 11147 | Lair:6   | Identified the +3 war axe of Twilight {speed, rC+} (Okawaru gifted it to you on level 6 of the Lair of Beasts)
 11255 | Lair:6   | Reached skill level 18 in Axes
 11882 | D:9      | Found a glowing silver altar of Zin.
 11973 | D:9      | Found a staircase to the Orcish Mines.
 12094 | D:9      | Found a shattered altar of Ashenzari.
 12094 | D:9      | Found a glowing golden altar of the Shining One.
 12095 | D:9      | Found a hazy altar of Hepliaklqana.
 12119 | D:9      | Noticed Grum
 12125 | D:9      | Killed Grum
 12223 | D:10     | Entered Level 10 of the Dungeon
 12309 | D:10     | Received a gift from Okawaru
 13030 | D:11     | Found an ancient bone altar of Kikubaaqudgha.
 13148 | D:11     | Reached XP level 14. HP: 120/130 MP: 18/18
 13193 | D:11     | Noticed Urug
 13205 | D:11     | Killed Urug
 13264 | D:11     | Received a gift from Okawaru
 13457 | D:11     | You fall through a shaft for 3 floors!
 13768 | D:11     | Reached skill level 1 in Dodging
 15044 | D:13     | Reached skill level 19 in Axes
 15370 | D:14     | Found a stormy altar of Qazlal.
 15686 | D:15     | Entered Level 15 of the Dungeon
 15694 | D:15     | Received a gift from Okawaru
 15699 | D:15     | Got a polished hat {god gift}
 15705 | D:15     | Identified the +0 hat "Bitem" {Regen+} (Okawaru gifted it to you on level 15 of the Dungeon)
 16157 | D:15     | Found a staircase to the Depths.
 16837 | D:13     | Found a gate to the Vaults.
 16844 | D:13     | Reached skill level 5 in Dodging
 17118 | Orc:1    | Entered Level 1 of the Orcish Mines
 17160 | Orc:1    | Reached XP level 15. HP: 133/139 MP: 20/20
 17442 | Orc:1    | Received a gift from Okawaru
 17909 | Orc:1    | Noticed a fire giant
 17947 | Orc:1    | Reached skill level 15 in Fighting
 17958 | Orc:1    | Reached skill level 20 in Axes
 18032 | Orc:1    | Killed a fire giant
 18385 | Orc:2    | Entered Level 2 of the Orcish Mines
 18543 | Orc:2    | Found a roughly hewn altar of Beogh.
 18708 | Orc:2    | Found a staircase to the Elven Halls.
 18709 | Orc:2    | Noticed an orc warlord
 18727 | Orc:2    | Killed an orc warlord
 19219 | Orc:2    | Found Buruc's Armour Emporium.
 19221 | Orc:2    | Found Vuiz's Jewellery Emporium.
 19228 | Orc:2    | Reached skill level 15 in Armour
 19263 | Orc:2    | Found Jocsaqits's Armour Shoppe.
 19264 | Orc:2    | Found Cabliy's Book Emporium.
 19269 | Orc:2    | Bought a +2 amulet of reflection for 105 gold pieces
 19270 | Orc:2    | Bought the +8 orange crystal plate armour {Archmagi, Int+3 Clar} for 2023 gold pieces
 19656 | Shoals:1 | Entered Level 1 of the Shoals
 19656 | Shoals:1 | Found Douvyhe's General Store.
 19802 | Shoals:1 | Bought a potion of curing for 42 gold pieces
 19802 | Shoals:1 | Bought a potion of curing for 42 gold pieces
 19872 | Shoals:1 | Received a gift from Okawaru
 19952 | Shoals:1 | Noticed Josephine
 19961 | Shoals:1 | Killed Josephine
 21461 | Shoals:2 | Noticed Donald
 21478 | Shoals:2 | Killed Donald
 21720 | Shoals:2 | Found a flickering gateway to a bazaar.
 21727 | Shoals:2 | Reached skill level 21 in Axes
 21727 | Shoals:2 | Reached XP level 16. HP: 117/150 MP: 21/21
 21748 | Bazaar   | Entered a bazaar
 21748 | Bazaar   | Found Sumuis's Armour Emporium.
 21748 | Bazaar   | Found Motroug's Antique Weapon Shoppe.
 21748 | Bazaar   | Found Qeufye's Book Shop.
 21969 | Bazaar   | Found Atyfyalo's Distillery.
 21969 | Bazaar   | Found Douga's Food Shoppe.
 21992 | Bazaar   | Bought a potion of curing for 33 gold pieces
 21992 | Bazaar   | Bought a potion of curing for 33 gold pieces
 21992 | Bazaar   | Bought a potion of haste for 110 gold pieces
 21992 | Bazaar   | Bought a potion of magic for 88 gold pieces
 21992 | Bazaar   | Bought a potion of haste for 110 gold pieces
 21992 | Bazaar   | Bought a potion of curing for 33 gold pieces
 21992 | Bazaar   | Bought a potion of curing for 33 gold pieces
 22101 | Shoals:2 | Noticed Polyphemus
 22141 | Shoals:2 | Killed Polyphemus
 22354 | Shoals:2 | Received a gift from Okawaru
 23783 | Shoals:3 | Received a gift from Okawaru
 23845 | Shoals:4 | Entered Level 4 of the Shoals
 24339 | Shoals:4 | Found Gawoxeuf's Jewellery Shoppe.
 24347 | Shoals:4 | Bought an uncursed ring of protection from magic for 400 gold pieces
 24492 | Shoals:4 | Reached skill level 22 in Axes
 24527 | Shoals:4 | Got a barnacled rune of Zot
 25056 | Shoals:4 | Reached XP level 17. HP: 130/160 MP: 22/22
 25057 | Shoals:4 | Reached skill level 10 in Dodging
 25419 | Shoals:4 | Received a gift from Okawaru
 25601 | Shoals:4 | Noticed Ilsuiw
 25820 | Shoals:4 | Killed Ilsuiw
 27417 | Snake:1  | Entered Level 1 of the Snake Pit
 27417 | Snake:1  | Noticed Asterion
 27433 | Lair:2   | Killed Asterion
 27705 | Snake:1  | Noticed Kirke
 27735 | Snake:1  | Killed Kirke
 28093 | Snake:1  | Found a frozen archway.
 28166 | Snake:1  | Received a gift from Okawaru
 29171 | Snake:2  | You fall through a shaft!
 29374 | Snake:3  | Noticed Aizul
 29392 | Snake:3  | Killed Aizul
 29460 | Snake:3  | Found Mieset's Book Shoppe.
 30107 | Snake:3  | Received a gift from Okawaru
 30495 | Snake:3  | Reached XP level 18. HP: 157/172 MP: 20/23
 31153 | Snake:4  | Entered Level 4 of the Snake Pit
 32063 | Snake:4  | Received a gift from Okawaru
 32069 | Snake:4  | Reached skill level 23 in Axes
 33568 | Snake:4  | Received a gift from Okawaru
 34187 | Snake:4  | Got a serpentine rune of Zot
 34895 | Vaults:1 | Entered Level 1 of the Vaults
 34895 | Vaults:1 | Found a gateway to a bazaar.
 35219 | Vaults:1 | Received a gift from Okawaru
 35227 | Vaults:1 | Reached XP level 19. HP: 181/181 MP: 17/24
 35353 | Vaults:1 | Found a magical portal.
 35362 | WizLab   | Entered Zonguldrok's Shrine
 35646 | Vaults:1 | Reached skill level 24 in Axes
 36252 | Bazaar   | Entered a bazaar
 36252 | Bazaar   | Found Boalotan's Antique Armour Emporium.
 36252 | Bazaar   | Found Zastrai's Antique Weapon Emporium.
 36270 | Bazaar   | Found Subresana's Gadget Boutique.
 36281 | Bazaar   | Found Elonus's Distillery.
 36289 | Bazaar   | Bought a potion of curing for 33 gold pieces
 36289 | Bazaar   | Bought a potion of heal wounds for 55 gold pieces
 36289 | Bazaar   | Bought a potion of heal wounds for 55 gold pieces
 36289 | Bazaar   | Bought a potion of curing for 33 gold pieces
 36301 | Bazaar   | Found Xivueqy's General Store.
 36309 | Bazaar   | Bought a potion of heal wounds for 65 gold pieces
 36309 | Bazaar   | Bought a scroll of teleportation for 39 gold pieces
 36320 | Bazaar   | Bought a pitted battleaxe for 391 gold pieces
 36321 | Bazaar   | Identified the +4 battleaxe "Haupidux" {pain, *Noise rPois rC+ Str+4} (You bought it in a shop in a bazaar)
 36329 | Bazaar   | Bought an encrusted plate armour for 504 gold pieces
 36329 | Bazaar   | Bought a heavily runed plate armour for 504 gold pieces
 36329 | Bazaar   | Identified the cursed +0 plate armour of Sunlight {MR++} (You bought it in a shop in a bazaar)
 36330 | Bazaar   | Identified the +5 plate armour of Starshine {MP-9 Str+4 Dex+8 SInv} (You bought it in a shop in a bazaar)
 36753 | Vaults:2 | Found Kas Keol's Assorted Antiques.
 36903 | Vaults:2 | Received a gift from Okawaru
 37086 | Vaults:2 | Found Odycw's Book Shop.
 37108 | Vaults:2 | Found Exatusch's Distillery.
 37114 | Vaults:2 | Bought a potion of curing for 54 gold pieces
 37114 | Vaults:2 | Bought a potion of curing for 54 gold pieces
 37114 | Vaults:2 | Bought a potion of curing for 54 gold pieces
 37316 | Vaults:2 | Found Bereliv's Food Shop.
 37570 | Vaults:2 | Received a gift from Okawaru
 38370 | Vaults:3 | Reached XP level 20. HP: 193/193 MP: 25/25
 38377 | Vaults:3 | Noticed Xtahua
 38397 | Vaults:3 | Killed Xtahua
 38428 | Vaults:3 | Reached skill level 25 in Axes
 38874 | Vaults:3 | Found a staircase to the Crypt.
 38874 | Vaults:3 | Found a basalt altar of Yredelemnul.
 38875 | Vaults:3 | Found an ancient bone altar of Kikubaaqudgha.
 39534 | Vaults:4 | Received a gift from Okawaru
 39656 | Vaults:4 | Got a pitted cloak {god gift}
 39667 | Vaults:4 | Identified the +2 cloak "Fulischi" {Str+4 SInv} (Okawaru gifted it to you on level 4 of the Vaults)
 39742 | Vaults:4 | Found Xoschaoxa's Magic Scroll Boutique.
 39771 | Vaults:4 | Bought a scroll of fog for 28 gold pieces
 39829 | Vaults:4 | Reached skill level 1 in Evocations
 39835 | Vaults:4 | Reached skill level 15 in Dodging
 39953 | Vaults:4 | Received a gift from Okawaru
 39999 | Vaults:4 | Identified a +0 pair of boots of running (Okawaru gifted it to you on level 4 of the Vaults)
 40276 | Vaults:4 | Paralysed by a hornet for 3 turns
 40288 | Vaults:4 | Reached XP level 21. HP: 134/202 MP: 26/26
 41039 | Vaults:4 | Identified the ring of Monotheism {rElec rN+} (You acquired it on level 4 of the Vaults)
 41202 | Vaults:4 | Gained mutation: Your spells are a little easier to cast, but a little less powerful. [a shining eye]
 41203 | Vaults:4 | Gained mutation: You expend magic power (3 MP) to strengthen your wands. [a shining eye]
 41205 | Vaults:4 | Gained mutation: Your spells are easier to cast, but less powerful. [a shining eye]
 41542 | Depths:1 | Entered Level 1 of the Depths
 41557 | Depths:1 | Reached skill level 26 in Axes
 41696 | Depths:1 | Found a gateway to Hell.
 41755 | Depths:1 | Reached skill level 5 in Evocations
 41834 | Depths:1 | Paralysed by a great orb of eyes for 2 turns
 42097 | Depths:1 | Received a gift from Okawaru
 42410 | Depths:1 | Found a one-way gate to the infinite horrors of the Abyss.
 43335 | Vaults:5 | Entered Level 5 of the Vaults
 43377 | Vaults:5 | Reached XP level 22. HP: 211/211 MP: 22/27
 43383 | Vaults:5 | Received a gift from Okawaru
 43408 | Vaults:5 | Received a gift from Okawaru
 43458 | Vaults:5 | Received a gift from Okawaru
 43482 | Vaults:5 | Received a gift from Okawaru
 43666 | Vaults:5 | Received a gift from Okawaru
 43689 | Vaults:5 | Reached skill level 27 in Axes
 43714 | Vaults:5 | Received a gift from Okawaru
 43725 | Vaults:5 | Reached skill level 10 in Evocations
 43770 | Vaults:5 | Reached XP level 23. HP: 142/221 MP: 22/29
 43803 | Vaults:5 | Got a translucent ivory ring
 43815 | Vaults:5 | Identified the ring "Hiballanesk" {Wiz +Blink rF- MP+9 Stlth+} (You took it off a tengu reaver on level 5 of the Vaults)
 43849 | Vaults:5 | Got a steaming lapis lazuli ring
 43850 | Vaults:5 | Identified the ring "Goomanuz" {Wiz Str+3} (You took it off a vault warden on level 5 of the Vaults)
 44032 | Vaults:5 | Received a gift from Okawaru
 44038 | Vaults:5 | Identified the +0 fire dragon scales "Foraca Vae" {+Inv rF++ rC- MR++ Str+4 Int-4} (Okawaru gifted it to you on level 5 of the Vaults)
 44231 | Vaults:5 | Identified the Reference Book on Confrontation and Darkness
 44233 | Vaults:5 | Identified the Papyrus of Enchantment and Talismans
 44280 | Vaults:5 | Identified the +1 pair of gloves "Gaadis" {*Slow rF+ rN+ Dex+7} (You found it on level 5 of the Vaults)
 44381 | Vaults:5 | Got a silver rune of Zot
 44464 | Vaults:5 | Identified the Collected Works on the Freezing Traveller
 44466 | Vaults:5 | Identified the Incunabulum of Dusty Calling
 44577 | Vaults:5 | Identified the Catalogue of Captivating Attacks
 45084 | Depths:2 | Noticed a caustic shrike
 45098 | Depths:2 | Killed a caustic shrike
 45347 | Depths:2 | Noticed a caustic shrike
 45357 | Depths:2 | Noticed a caustic shrike
 45388 | Depths:2 | Killed a caustic shrike
 45400 | Depths:2 | Killed a caustic shrike
 46008 | Depths:2 | Noticed a juggernaut
 46023 | Depths:2 | Killed a juggernaut
 46568 | Depths:2 | HP: 11/223 [poisoned by a golden dragon (poison gas)]
 46573 | Depths:2 | HP: 7/223 [poisoned by a golden dragon (poison gas)]
 46578 | Depths:2 | HP: 5/223 [poisoned by a golden dragon (poison gas)]
 46583 | Depths:2 | HP: 3/223 [poisoned by a golden dragon (poison gas)]
 46588 | Depths:2 | HP: 4/223 [poisoned by a golden dragon (poison gas)]
 46593 | Depths:2 | HP: 4/223 [poisoned by a golden dragon (poison gas)]
 46601 | Depths:2 | HP: 6/223 [poisoned by a golden dragon (poison gas)]
 46637 | Depths:2 | HP: 11/223 [rakshasa/orb of energy (11)]
 46642 | Depths:2 | HP: 1/223 [rakshasa/orb of energy (30)]
 46643 | Depths:2 | Mangled by a rakshasa

Vault maps used:
D:1:      minmay_arrival_jagged, st_stairs_13
D:3:      grunt_qazlal_sundering, dancing_weapons_uskayaw,
          yredelemnul_altar_generic, uniq_crazy_yiuf_cottage
D:4:      kennysheep_mini_moat, lemuel_doored_altar, grunt_dithmenos_smoke
D:5:      grunt_gozag_breadcrumbs, first_bread, uniq_grinder,
          uniq_blork_the_orc, uniq_edmund
D:6:      kennysheep_little_box, minmay_temple_entry_trees, minmay_ruffians,
          uniq_duvessa
D:7:      bloody_trog, xom_shifter_show, serial_shops,
          nicolae_shop_competitors_out_of_business, basic_altar
D:8:      nemelex_xobeh_ov_fountains_minmay, erik_lair_orcish_takeover
D:9:      gammafunk_temple_overflow_claw, lemuel_crystal_altar, orc_0_dummy,
          uniq_grum
D:10:     minmay_statue_bubble
D:11:     basic_altar, hangedman_little_slice_of_home, uniq_urug
D:13:     david_vaults_5, enter_bailey_2, lemuel_oklob_altar
D:14:     lemuel_crystal_altar
D:15:     hangedman_depths_entry_try_elsewhere_first, grunt_decor_cap
Temple:   dpeg_three_leaves_temple
Lair:1:   small_statue_intersection, wad_woods_road_03, st_stairs_3
Lair:2:   mu_elephants_graveyard
Lair:3:   lab_entry_generic
Lair:4:   minmay_shoals_entry_lonely_mermaid, grunt_megastairs_1, uniq_harold
Lair:5:   slime_altar_2, infiniplex_staircase_pool
Lair:6:   grunt_lair_end_beastmaster
Shoals:1: serial_shops, nicolae_shop_waterfront, uniq_josephine
Shoals:2: serial_shops, bzr_entry_lakeside, uniq_donald, uniq_polyphemus
Shoals:4: shoals_end_hangedman, shoal_ilsuiw, serial_shops, shop
Snake:1:  portal_ice_cave_entry_pillars_three, st_stairs_14, uniq_kirke,
          uniq_asterion
Snake:3:  serial_shops, shop, st_stairs_5, nrook_guardian_serpent_double,
          uniq_aizul
Snake:4:  snake_pit
Orc:1:    giant_chief_lemuel
Orc:2:    st_orc_pillars, basic_altar, nicolae_orc_rockfall
Vaults:1: vaults_dpeg_ring, v_misc_13, v_misc_22, hangedman_vaults_hat,
          vaults_room_corners, ontoclasm_vaults_hangar, hangedman_vaults_nails,
          ontoclasm_vaults_ring_small, nicolae_vaults_little_squares_6,
          st_diamondy, nicolae_vaults_three_branches, v_misc_3,
          nicolae_vaults_rhombus_5, mu_enter_wizlab_1, serial_shops,
          bzr_entry_customers
Vaults:2: v_misc_11, v_misc_8, v_pattern_1, dpeg_vaults_monster_row,
          nicolae_vaults_border_crossing, ontoclasm_vaults_twist, serial_ice_h,
          vaults_room_hallway, vaults_mumra_minichess_inversion,
          vaults_mumra_minichess, nicolae_vaults_rhombus_6, serial_shops,
          nicolae_shop_waterfront, nicolae_shop_statue_plus, shop, shop
Vaults:3: hangedman_vaults_locks, vaults_dpeg_encased_lava, v_misc_16,
          minmay_crypt_entry_necro_gods, ontoclasm_vaults_ring_square,
          nicolae_vaults_what_the_h, nicolae_vaults_network_barrier, v_misc_24,
          grunt_vaults_diagonal, hangedman_vaults_slither, vaults_dpeg_spiral,
          grunt_vaults_twisty, st_quartered_hall, hangedman_vaults_snaps,
          uniq_xtahua
Vaults:4: nicolae_vaults_specimen_jars, hangedman_vaults_capsules,
          vaults_mumra_lcd, nicolae_vaults_alarming, v_alt_pattern_3, v_misc_3,
          v_pattern_3, hangedman_vaults_pinch, v_misc_12, v_misc_14,
          vaults_room_semicircle, vaults_room_pools, vaults_mumra_chevron,
          nicolae_vaults_display_case, nicolae_vaults_asterisk, serial_shops,
          shop
Depths:1: wad_courtyard, grunt_hell_entry_dis_grunt, grunt_decor_one_mirror,
          abyss_entry_crystal, minmay_crystal_water, grunt_ministairs_9,
          kennysheep_generic_room_5
Depths:2: hangedman_pleasuredromes, hell_entry, abyss_entry
Bazaar:   bazaar_minmay_generic_island, bazaar_lake
WizLab:   wizlab_zonguldrok

Skill      XL: |  1  2  3  4  5  6  7  8  9 10 11 12 13 14 15 16 17 18 19 20 21 22 23 |
---------------+----------------------------------------------------------------------+-----
Fighting       | 4 5 6 7 8 9 10 11 12 13 14 15 16 18 19 20 21 22 | 22.3
Axes           | 3 4 5 6 7 8 10 12 13 15 16 18 19 21 22 23 24 25 26 27 | 27.0
Armour         | 4 5 7 8 10 11 12 13 14 15 16 17 18 19 20 21 | 21.9
Throwing       | 3 4 |  4.0
Invocations    | 2 5 7 8 |  8.0
Dodging        | 5 7 9 12 13 14 15 16 17 | 17.7
Evocations     | 3 7 10 11 | 11.1
Shields        | |  3.6

Action                   |  1- 3 |  4- 6 |  7- 9 | 10-12 | 13-15 | 16-18 | 19-21 | 22-24 || total
-------------------------+-------+-------+-------+-------+-------+-------+-------+-------++-------
Melee: War axe           |    79 |    80 |   208 |    72 |       |       |       |       ||   439
       Headbutt          |     4 |    19 |    64 |   110 |   276 |   411 |   515 |   196 ||  1595
       Battleaxe         |       |       |       |   330 |  1102 |  1393 |  1662 |   643 ||  5130
       Unarmed           |       |       |       |       |       |    20 |       |       ||    20
       Executioner's axe |       |       |       |       |       |    54 |       |       ||    54
Throw: Javelin           |       |       |       |     8 |    18 |     3 |       |       ||    29
Invok: Heroism           |       |       |     1 |    13 |    21 |    30 |    11 |     6 ||    82
       Finesse           |       |       |       |       |     4 |    11 |     7 |     5 ||    27
  Use: Scroll            |       |       |    12 |     3 |    18 |    17 |    12 |    11 ||    73
       Potion            |       |       |       |       |     4 |    16 |       |     9 ||    29
 Stab: Petrified         |       |       |       |       |     1 |       |       |       ||     1
       Fleeing           |       |       |       |       |       |     1 |       |       ||     1
       Distracted        |       |       |       |       |       |       |     1 |     5 ||     6
  Eat: Chunk             |     1 |     3 |     9 |    13 |    31 |    15 |     8 |       ||    80
       Fruit             |       |       |       |     3 |       |     2 |       |     6 ||    11
       Royal jelly       |       |       |       |       |     4 |    18 |     2 |     1 ||    25
       Bread ration      |       |       |       |       |       |       |     3 |       ||     3
       Meat ration       |       |       |       |       |       |       |     1 |       ||     1
Armor: Scale mail        |    42 |    25 |    11 |       |       |       |       |       ||    78
       Chain mail        |       |       |    60 |     7 |       |       |       |       ||    67
       Plate armour      |       |       |       |   218 |   516 |   694 |       |       ||  1428
       Crystal plate arm |       |       |       |       |    51 |    24 |   913 |   596 ||  1584
Dodge: Dodged            |    19 |    14 |    37 |   132 |   412 |   876 |   740 |   566 ||  2796
Block: Shield            |    28 |    27 |    86 |    37 |       |       |       |       ||   178
       Other             |       |       |       |       |    10 |    67 |    81 |    63 ||   221
       Reflection        |       |       |       |       |       |     4 |     7 |     6 ||    17
